 Dungeon Crawl Stone Soup version 0.21.1-1-g345015f (webtiles) character file.

181 sking99 the Magician (level 5, 0/28 HPs)
             Began as a Deep Elf Wizard on June 30, 2018.
             Slain by a wight
             ... wielding a cursed +1 battleaxe of electrocution
              (1 damage)
             ... on level 4 of the Dungeon.
             The game lasted 00:08:42 (3167 turns).

sking99 the Magician (Deep Elf Wizard)              Turns: 3167, Time: 00:08:43

Health: 0/28       AC:  3    Str:  5    XL:     5   Next: 34%
Magic:  3/14       EV: 12    Int: 23    God:
Gold:   134        SH:  0    Dex: 13    Spells: 3/14 levels left

rFire    . . .     SeeInvis .   r - -1 spear (curse)
rCold    . . .     Gourm    .   (no shield)
rNeg     . . .     Faith    .   s - +0 leather armour
rPois    .         Spirit   .   b - +0 hat
rElec    .         Reflect  .   (no cloak)
rCorr    .         Harm     .   (no gloves)
MR       .....                  (no boots)
Stlth    ++........             (no amulet)
HPRegen  0.09/turn              (no ring)
MPRegen  0.14/turn              (no ring)

@: very slightly contaminated, drained
A: no striking features
a: no special abilities


You were on level 4 of the Dungeon.
You were not hungry.

You visited 1 branch of the dungeon, and saw 4 of its levels.

You collected 134 gold pieces.

Inventory:

Hand Weapons
 h - a +0 dagger
 r - a cursed -1 spear (weapon)
Armour
 a - a +0 robe
 b - a +0 hat (worn)
 s - a +0 leather armour (worn)
Jewellery
 j - a cursed ring of loudness {unknown}
 q - a cursed ring of loudness {unknown}
Scrolls
 e - 2 scrolls of blinking {unknown}
 m - 4 scrolls of remove curse {unknown}
 n - 3 scrolls of magic mapping {unknown}
 o - 4 scrolls of identify {unknown}
 p - a scroll of noise {unknown}
Potions
 f - a potion of magic {unknown}
 g - 2 potions of curing {unknown}
 i - a potion of might {unknown}
 k - a potion of haste {unknown}
 t - a potion of brilliance {unknown}
Books
 c - a book of Minor Magic

   Spells                             Type                      Level
   a - Magic Dart                     Conjuration                  1
   b - Blink                          Translocation                2
   c - Call Imp                       Summoning                    2
   d - Slow                           Hexes                        2
   e - Conjure Flame                  Conjuration/Fire             3
   f - Mephitic Cloud                 Conjuration/Poison/Air       3
Comestibles
 d - 9 rations


   Skills:
 - Level 3.3(2.8) Dodging
 - Level 2.4(1.8) Stealth
 + Level 5.1(4.5) Spellcasting
 + Level 2.5(1.9) Conjurations
 * Level 2.7(2.1) Summonings
 + Level 2.1(1.6) Translocations
 + Level 1.1(0.5) Fire Magic
 + Level 1.1(0.5) Air Magic
 + Level 1.2(0.6) Poison Magic


You had 3 spell levels left.
You knew the following spells:

 Your Spells              Type           Power        Failure   Level  Hunger
a - Magic Dart            Conj           ##..         8%          1    None
b - Blink                 Tloc           N/A          13%         2    None
c - Call Imp              Summ           ###.....     11%         2    None
d - Mephitic Cloud        Conj/Pois/Air  ##......     32%         3    ##.....
e - Conjure Flame         Conj/Fire      ##......     30%         3    ##.....


Dungeon Overview and Level Annotations

Branches:
Dungeon (4/15)
 Temple: D:4-7

Altars:
Okawaru


Message History

Confirm with . or Enter, or press ? or * to list all spells.
You don't have enough magic to cast that spell.
Unknown command.
There is a stone staircase leading up, spattered with blood here.
You see here an adder corpse.
The wight hits you with an enchanted hand axe!
* * * LOW HITPOINT WARNING * * *
You feel drained.
* * * LOW HITPOINT WARNING * * *
The wight barely misses your shadow imp.
Your shadow imp hits the wight.
The wight barely misses your shadow imp.
Your shadow imp hits the wight but does no damage.
A wight comes into view.
It is wielding a battleaxe of electrocution.
A wight comes into view. It is wielding an enchanted long sword.
A wight comes into view. It is wielding a dagger of draining.
The wight hits you with a battleaxe of electrocution.
* * * LOW HITPOINT WARNING * * *
You feel drained.
You die...

#.# ###.#
...# ##.##
##<..##
###.###z###
#....# #...#
#.##.###.#.#
# ##@.z##.#
#.z## # #..#
#z..# #..##
..^. ##.z#
#..#


You could see 4 wights.

Vanquished Creatures
  A gnoll (D:3)
  9 adders
  2 worms (D:2)
  4 dart slugs
  4 leopard geckos
  A giant cockroach (D:1)
  10 goblins
  5 hobgoblins
  3 kobolds
  3 ball pythons
  9 bats
  4 frilled lizards
  8 rats
63 creatures vanquished.

Vanquished Creatures (collateral kills)
  2 gnolls (D:3)
  3 orcs (D:3)
  2 hobgoblins
  2 jackals (D:1)
9 creatures vanquished.

Grand Total: 72 creatures vanquished

Notes
Turn   | Place    | Note
-------+----------+-------------------------------------------
     0 | D:1      | sking99 the Deep Elf Wizard began the quest for the Orb.
     0 | D:1      | Reached XP level 1. HP: 10/10 MP: 7/7
     2 | D:1      | Noticed a demonspawn
     2 | D:1      | Noticed a spriggan
     4 | D:1      | Noticed a formicid
     4 | D:1      | Noticed a troll
     6 | D:1      | Noticed a draconian
     6 | D:1      | Noticed a human
     8 | D:1      | Noticed a merfolk
     8 | D:1      | Noticed a gargoyle
    10 | D:1      | Noticed an elf
    12 | D:1      | Noticed a naga
    12 | D:1      | Noticed an octopode
    14 | D:1      | Noticed a ghoul
    14 | D:1      | Noticed an ogre
    16 | D:1      | Noticed a felid
    18 | D:1      | Noticed a demigod
    18 | D:1      | Noticed a tengu
    21 | D:1      | Noticed a dwarf
    23 | D:1      | Noticed a vampire
    25 | D:1      | Noticed a vine stalker
    25 | D:1      | Noticed a minotaur
    27 | D:1      | Noticed a halfling
    27 | D:1      | Noticed a centaur
   262 | D:1      | Reached XP level 2. HP: 15/15 MP: 7/9
   427 | D:1      | Learned a level 2 spell: Blink
   430 | D:1      | Learned a level 2 spell: Call Imp
   885 | D:1      | Reached XP level 3. HP: 19/19 MP: 9/11
  1013 | D:2      | Learned a level 3 spell: Mephitic Cloud
  1017 | D:2      | Learned a level 3 spell: Conjure Flame
  1344 | D:2      | Reached XP level 4. HP: 24/24 MP: 5/12
  1775 | D:2      | Reached skill level 5 in Spellcasting
  1830 | D:2      | Found an iron altar of Okawaru.
  2366 | D:3      | Reached skill level 1 in Poison Magic
  2366 | D:3      | Reached XP level 5. HP: 28/28 MP: 10/14
  2404 | D:3      | Reached skill level 1 in Fire Magic
  2462 | D:3      | Reached skill level 1 in Air Magic
  3167 | D:4      | HP: 1/28 [wight/battleaxe of electrocution (2)]
  3167 | D:4      | Slain by a wight

Skill      XL: |  1  2  3  4  5 |
---------------+----------------+-----
Dodging        | 3 |  3.3
Conjurations   | 2 |  2.5
Summonings     | 2 |  2.7
Spellcasting   | 5 |  5.1
Translocations | 2 |  2.1
Poison Magic   | 1 |  1.2
Fire Magic     | 1 |  1.1
Air Magic      | 1 |  1.1
Stealth        | |  2.4

Action                   |  1- 3 |  4- 6 || total
-------------------------+-------+-------++-------
Melee: Spear             |       |     2 ||     2
 Cast: Magic Dart        |    90 |    84 ||   174
       Call Imp          |     1 |     5 ||     6
  Eat: Chunk             |     1 |     6 ||     7
Armor: Leather armour    |       |     4 ||     4
Dodge: Dodged            |     3 |    11 ||    14
